[Event "Titled Tuesday Blitz October 18 Late 2022"]
[White "Poltorak, Sebastian"]
[Black "P., Komal Kishore"]
[WhiteFideId "1199498"]
[BlackFideId "5016703"]
[WhiteElo "2232"]
[BlackElo "2102"]
[Result "1/2-1/2"]
[Round "01"]
[TimeControl "180+1"]
[Date "2022.10.19"]
[WhiteClock "0:00:06"]
[BlackClock "0:00:05"]

1. d4 d5 2. c4 c6 3. Nf3 Nf6 4. Bg5 Ne4 5. Bf4 Qb6 6. Qc1 Bf5 7. e3 e6 8. c5 Qa5+ 9. Nbd2 Be7 10. Be2 Nd7 11. O-O O-O 12. a3 Qd8 13. Nxe4 Bxe4 14. Nd2 Bg6 15. Qc3 Re8 16. h3 Bf6 17. Nf3 Be4 18. Ne5 Nxe5 19. dxe5 Be7 20. b4 a6 21. Bd3 Bxd3 22. Qxd3 f6 23. Qd4 fxe5 24. Bxe5 Bf6 25. Rad1 Bxe5 26. Qxe5 Qf6 27. Qxf6 gxf6 28. a4 e5 29. f3 Kf7 30. Kf2 Ke6 31. Rd2 f5 32. g3 e4 33. f4 h5 34. Rg1 Rg8 35. Ke1 Rg7 36. Rdg2 Rag8 37. Kd2 Kf6 38. Ke2 Ke6 39. Kf2 Kf6 40. Rb1 Ra8 41. b5 axb5 42. axb5 Ra2+ 43. Kg1 Ra3 44. bxc6 bxc6 45. Rb6 Rc7 46. Re2 Rc3 47. Kf2 Rxc5 48. Ra2 Rb5 49. Raa6 Rxb6 50. Rxb6 Ke6 51. g4 fxg4 52. hxg4 hxg4 53. Kg2 Kd6 54. Kg3 Kc5 55. Ra6 Kc4 56. Kxg4 Kd3 57. Ra3+ Ke2 58. f5 c5 59. Kf4 Kf2 60. Ra2+ Ke1 61. Ke5 d4 62. exd4 e3 63. d5 e2 64. d6 Rb7 65. Kd5 Kf1 66. Rxe2 Kxe2 67. f6 Kd3 68. Ke6 c4 69. f7 Rb8 70. d7 c3 71. Ke7 c2 72. f8=Q Rxf8 73. Kxf8 c1=Q 74. d8=Q+ Ke2 75. Qh4 Qc5+ 76. Kf7 Qf2+ 77. Qxf2+ Kxf2 1/2-1/2


[Site "https://www.chess.com"]

[Event "Titled Tuesday Blitz October 18 Late 2022"]
[White "Prabhu, Naveen"]
[Black "Czernek, Tymon"]
[WhiteFideId "30939372"]
[BlackFideId "1199510"]
[WhiteElo "2334"]
[BlackElo "2240"]
[Result "0-1"]
[Round "01"]
[TimeControl "180+1"]
[Date "2022.10.19"]
[WhiteClock "0:01:09"]
[BlackClock "0:00:27"]

1. Nf3 Nf6 2. c4 g6 3. Nc3 Bg7 4. d4 O-O 5. e4 d6 6. Be3 e5 7. d5 a5 8. Qd2 Na6 9. Bh6 Nc5 10. Bxg7 Kxg7 11. Bd3 Nxd3+ 12. Qxd3 Nh5 13. g3 f5 14. O-O-O fxe4 15. Nxe4 Bg4 16. Ned2 Nf6 17. Ng5 Qe7 18. f3 Bf5 19. Qe3 c6 20. g4 Bd7 21. dxc6 Bxc6 22. h4 Rac8 23. h5 gxh5 24. gxh5 d5 25. Rdg1 Kh8 26. h6 b5 27. cxb5 d4 28. Qf2 Bxf3+ 29. Kb1 Ne4 30. Ngxe4 Bxe4+ 31. Nxe4 Rxf2 32. Nxf2 e4 33. Rg7 Qe6 34. b6 e3 35. b7 Rb8 36. Nd3 Qe4 0-1


[Site "https://www.chess.com"]

[Event "Titled Tuesday Blitz October 18 Late 2022"]
[White "Priasmoro, Novendra"]
[Black "Brown, Andrew"]
[WhiteFideId "7105029"]
[BlackFideId "3206513"]
[WhiteElo "2412"]
[BlackElo "2245"]
[Result "1-0"]
[Round "01"]
[TimeControl "180+1"]
[Date "2022.10.19"]
[WhiteClock "0:01:08"]
[BlackClock "0:00:07"]

1. e4 g6 2. d4 Bg7 3. Nf3 d6 4. Bd3 a6 5. O-O b5 6. a4 b4 7. c3 a5 8. Nbd2 Ba6 9. Bxa6 Nxa6 10. Re1 e6 11. Nc4 Nb8 12. Qb3 bxc3 13. bxc3 Ne7 14. e5 O-O 15. exd6 cxd6 16. Ba3 d5 17. Nce5 Qc7 18. Rab1 Rc8 19. Qb7 Nbc6 20. Nxf7 Qxb7 21. Rxb7 Kxf7 22. Ng5+ Ke8 23. Nxe6 Bf6 24. Nc7+ Rxc7 25. Rxc7 Kf7 26. Rb1 Rb8 27. Rxb8 Nxb8 28. f4 Ke6 29. g4 h6 30. Kf2 Bh4+ 31. Ke3 Nec6 32. Kd3 Be7 33. Bxe7 Nxe7 34. c4 dxc4+ 35. Kxc4 Nd7 36. Kb5 h5 37. h3 Kd6 38. Rb7 Nf6 39. Rb6+ 1-0


[Site "https://www.chess.com"]

[Event "Titled Tuesday Blitz October 18 Late 2022"]
[White "Prydun, Andriy"]
[Black "Thomforde-Toates, Noah"]
[WhiteFideId "14145898"]
[BlackFideId "30951992"]
[WhiteElo "2163"]
[BlackElo "2651"]
[Result "1/2-1/2"]
[Round "01"]
[TimeControl "180+1"]
[Date "2022.10.19"]
[WhiteClock "0:00:08"]
[BlackClock "0:00:20"]

1. e4 c5 2. Nf3 g6 3. c3 Bg7 4. d4 cxd4 5. cxd4 Nf6 6. Nc3 d5 7. e5 Ne4 8. h3 Nc6 9. Bd3 Nxc3 10. bxc3 Bf5 11. O-O Bxd3 12. Qxd3 O-O 13. Nd2 e6 14. Rb1 b6 15. Ba3 Re8 16. Rfc1 Rc8 17. Bd6 Bf8 18. Bxf8 Kxf8 19. Nf3 Na5 20. h4 h5 21. Ng5 Kg7 22. Rd1 Re7 23. Qf3 Rec7 24. Rd3 Nc6 25. Qf4 Qe7 26. Rf3 Nd8 27. Qd2 Qe8 28. Rb4 Rc4 29. Rb3 Qe7 30. g3 R8c7 31. Kg2 Nb7 32. Rb1 Qe8 33. Re1 a5 34. Ree3 b5 35. Rd3 Nd8 36. Qf4 Qe7 37. g4 hxg4 38. Qxg4 Kf8 39. h5 Ke8 40. hxg6 fxg6 41. Rf6 Kd7 42. Rdf3 Kc8 43. Nxe6 Nxe6 44. Rxe6 Qd7 45. Rff6 Rxc3 46. Qxg6 Qg7 47. Rb6 Qxg6+ 48. Rxg6 Rf7 49. e6 Rf4 50. Rg7 Rc2 51. e7 Rcxf2+ 52. Kh3 R2f3+ 53. Kg2 Rf2+ 54. Kh3 R2f3+ 55. Rg3 Kd7 56. Rxb5 Rxg3+ 57. Kxg3 Rxd4 58. Rxa5 Kxe7 59. Kf3 Kd6 60. Ke3 Rh4 61. Ra8 Rh2 62. a4 Rh3+ 63. Kd2 Kc5 64. a5 Kd4 65. a6 Rh2+ 66. Ke1 Kd3 67. Rd8 Re2+ 68. Kf1 Ra2 69. Rxd5+ Ke3 70. Rd6 Kf3 71. Ke1 Ke3 72. Kf1 Ra1+ 73. Kg2 Ra2+ 74. Kf1 1/2-1/2


[Site "https://www.chess.com"]

[Event "Titled Tuesday Blitz October 18 Late 2022"]
[White "Pultinevicius, Paulius"]
[Black "Manukian, Artak"]
[WhiteFideId "12809390"]
[BlackFideId "13301373"]
[WhiteElo "2500"]
[BlackElo "2471"]
[Result "1-0"]
[Round "01"]
[TimeControl "180+1"]
[Date "2022.10.18"]
[WhiteClock "0:00:09"]
[BlackClock "0:00:02"]

1. d4 d5 2. c4 dxc4 3. e3 e5 4. Bxc4 exd4 5. exd4 Nf6 6. Nf3 Be7 7. O-O O-O 8. Re1 Bg4 9. Qb3 Bxf3 10. Qxf3 Nc6 11. d5 Nb4 12. Qb3 Nbxd5 13. Bg5 Nb6 14. Nc3 Nxc4 15. Qxc4 h6 16. Rad1 Bd6 17. Bh4 Re8 18. Rxe8+ Qxe8 19. Bxf6 gxf6 20. Qg4+ Kh8 21. Qh4 Kg7 22. Qg4+ Kh8 23. Qf3 Qe5 24. g3 Re8 25. Qxb7 f5 26. Qf3 f4 27. Rd5 Qe1+ 28. Kg2 fxg3 29. hxg3 Qe6 30. Rh5 Kg7 31. Rf5 Qg6 32. Nd5 Re5 33. Ne3 Rxf5 34. Nxf5+ Kh7 35. Qd5 Qe6 36. Qd3 Kg8 37. b3 a5 38. Qf3 Kh7 39. Ne3 Bc5 40. Nc4 a4 41. Qd3+ Kg7 42. bxa4 Qf6 43. Qf3 Qd4 44. Qe2 Qd5+ 45. Kg1 Qg5 46. Qe5+ Kf8 47. Qxg5 hxg5 48. Kg2 Ke7 49. Kf3 f5 50. Ke2 Ke6 51. f3 Kd5 52. Kd3 Kc6 53. g4 fxg4 54. fxg4 Kb7 55. Ke4 Kc6 56. Kf5 Be7 57. a5 Kb5 58. Ne5 Bd6 59. Nf7 Bf4 60. Nxg5 Bd2 61. Ne4 Bb4 62. g5 Kxa5 63. g6 Bf8 64. Ke6 Ka4 65. Kd5 Ka3 66. Ng5 Kxa2 67. Ne6 Bh6 68. Nxc7 Kb3 69. Ke6 Kc4 70. Nd5 Kc5 71. Ne7 Kb6 72. Nf5 1-0


[Site "https://www.chess.com"]

[Event "Titled Tuesday Blitz October 18 Late 2022"]
[White "Quispe Santacruz, Javier"]
[Black "Ezat, Mohamed"]
[WhiteFideId "3800920"]
[BlackFideId "10600906"]
[WhiteElo "1930"]
[BlackElo "2386"]
[Result "0-1"]
[Round "01"]
[TimeControl "180+1"]
[Date "2022.10.19"]
[WhiteClock "0:00:02"]
[BlackClock "0:00:24"]

1. e4 c6 2. d4 d5 3. Nc3 b5 4. a3 a6 5. Nf3 dxe4 6. Nxe4 Bg4 7. c3 e6 8. h3 Bh5 9. Be2 Nd7 10. Bf4 Ngf6 11. Nd6+ Bxd6 12. Bxd6 Nb6 13. Bh2 Na4 14. Ne5 Nxb2 15. Qc2 Bxe2 16. Qxe2 Na4 17. Rc1 Qd5 18. O-O Qe4 19. Qd2 O-O 20. f4 c5 21. f5 cxd4 22. cxd4 exf5 23. Rce1 Qd5 24. Rxf5 Rae8 25. Qg5 Ne4 26. Qg4 Qxd4+ 27. Kf1 Nd2+ 28. Ke2 Nc3# 0-1


[Site "https://www.chess.com"]

[Event "Titled Tuesday Blitz October 18 Late 2022"]
[White "Radovic, Janko"]
[Black "Jimenez Jimenez, Leandro"]
[WhiteFideId "911518"]
[BlackFideId "6415253"]
[WhiteElo "2318"]
[BlackElo "2217"]
[Result "1-0"]
[Round "01"]
[TimeControl "180+1"]
[Date "2022.10.19"]
[WhiteClock "0:02:16"]
[BlackClock "0:02:11"]

1. Nf3 Nf6 2. c4 c6 3. g3 d5 4. b3 Bg4 5. Bg2 Nbd7 6. Bb2 Qc7 7. cxd5 cxd5 8. Nc3 e6 9. Rc1 Qa5 10. O-O Ba3 11. Bxa3 Qxa3 12. Nb5 Qa5 13. Nc7+ Ke7 14. Nxa8 Rxa8 15. Qc2 Bf5 16. d3 h6 17. Qc7 Qxa2 18. Nd4 Bg4 19. Qxb7 Rb8 20. Nc6+ 1-0


[Site "https://www.chess.com"]

[Event "Titled Tuesday Blitz October 18 Late 2022"]
[White "Rego, Pedro Filipe"]
[Black "Dilanyan, Grigor"]
[WhiteFideId "1904310"]
[BlackFideId "13303570"]
[WhiteElo "2200"]
[BlackElo "2264"]
[Result "0-1"]
[Round "01"]
[TimeControl "180+1"]
[Date "2022.10.19"]
[WhiteClock "0:00:07"]
[BlackClock "0:00:45"]

1. c4 g6 2. Nc3 Bg7 3. g3 e5 4. Bg2 Ne7 5. Nf3 O-O 6. O-O c6 7. d4 exd4 8. Nxd4 d5 9. cxd5 cxd5 10. Bg5 Nbc6 11. Nxd5 Bxd4 12. Nxe7+ Nxe7 13. Bxe7 Bxf2+ 14. Rxf2 Qxe7 15. Qb3 Rb8 16. Raf1 Be6 17. Bd5 Bxd5 18. Qxd5 Rbd8 19. Qc4 Rd6 20. e4 Re6 21. Rf4 a6 22. a4 h5 23. R1f2 Re8 24. b4 Rf8 25. b5 axb5 26. axb5 Kg7 27. Qd5 Re8 28. Rxf7+ Qxf7 29. Rxf7+ Kxf7 30. Qxb7+ R8e7 31. Qd5 Kg7 32. Qd4+ Kf7 33. b6 Rb7 34. e5 Rexb6 35. Qd5+ Kg7 36. e6 Kf6 37. Qe4 Rb1+ 38. Kg2 R1b2+ 39. Kh3 R2b4 40. Qd5 Re7 41. Qc5 Re4 42. Qf2+ Kg7 43. Qf3 R4xe6 44. Qc3+ Rf6 45. Qc5 Ref7 46. Qe5 Kh7 47. Qe4 Rf5 48. Qe3 Rf2 49. Qe4 Ra2 50. Qe3 Rff2 51. Qe7+ Kh6 52. Qe3+ Kg7 53. Qe5+ Kh7 54. Qe7+ Kh6 55. Qe3+ g5 56. Qe6+ Kg7 57. Qe7+ Kg6 58. Qe8+ Kf5 59. Qf7+ Ke4 60. Qg6+ Kd4 61. Qf6+ Rxf6 0-1


[Site "https://www.chess.com"]

[Event "Titled Tuesday Blitz October 18 Late 2022"]
[White "Remolar Gallen, Jose"]
[Black "Holt, Conrad"]
[WhiteFideId "2215187"]
[BlackFideId "2034387"]
[WhiteElo "2214"]
[BlackElo "2592"]
[Result "0-1"]
[Round "01"]
[TimeControl "180+1"]
[Date "2022.10.18"]
[WhiteClock "0:00:04"]
[BlackClock "0:01:05"]

1. d4 d5 2. c4 c6 3. Nc3 dxc4 4. Nf3 Nf6 5. a4 Bf5 6. e3 e6 7. Bxc4 Bb4 8. O-O O-O 9. Qe2 Nbd7 10. e4 Bg4 11. Bg5 Bxf3 12. Qxf3 Nb6 13. e5 Nxc4 14. exf6 g6 15. Qh3 Re8 16. Ne4 Qxd4 17. Qh4 Nd6 18. Rfe1 Nf5 19. Qf4 Bxe1 20. Rxe1 e5 21. Qf3 Rad8 22. g4 Nd6 23. Nc3 e4 24. Qh3 e3 25. fxe3 Qc4 26. e4 Nxe4 27. Qh6 Nxf6 28. Rxe8+ Rxe8 29. Bxf6 Qxg4+ 30. Kf2 Qf5+ 31. Kg3 Qxf6 0-1


[Site "https://www.chess.com"]

[Event "Titled Tuesday Blitz October 18 Late 2022"]
[White "Reprintsev, Alexander"]
[Black "Madaminov, Mukhiddin"]
[WhiteFideId "14100541"]
[BlackFideId "14210703"]
[WhiteElo "2230"]
[BlackElo "2341"]
[Result "0-1"]
[Round "01"]
[TimeControl "180+1"]
[Date "2022.10.18"]
[WhiteClock "0:00:43"]
[BlackClock "0:01:12"]

1. e4 e6 2. d4 d5 3. Nc3 Nf6 4. Bg5 Bb4 5. e5 h6 6. exf6 hxg5 7. fxg7 Rg8 8. a3 Bd6 9. h4 gxh4 10. Qh5 Qf6 11. Nf3 Nc6 12. Bb5 Bd7 13. Qxh4 Qxg7 14. g3 Be7 15. Qh7 O-O-O 16. Bxc6 Bxc6 17. Ne5 Rdf8 18. O-O-O Be8 19. Ne2 Qf6 20. Nf4 Bd6 21. Rhe1 Bb5 22. Kb1 Rh8 23. Ng4 Qg5 0-1


[Site "https://www.chess.com"]

[Event "Titled Tuesday Blitz October 18 Late 2022"]
[White "Richter, Paul"]
[Black "Sailer, Mike"]
[WhiteFideId "2046350"]
[BlackFideId "2012901"]
[WhiteElo "2564"]
[BlackElo "2109"]
[Result "1-0"]
[Round "01"]
[TimeControl "180+1"]
[Date "2022.10.19"]
[WhiteClock "0:00:16"]
[BlackClock "0:00:01"]

1. e4 d5 2. exd5 Qxd5 3. Nc3 Qd6 4. Bc4 Nf6 5. Nge2 c6 6. d4 Bf5 7. Bf4 Qd8 8. h4 e6 9. Ng3 Bg4 10. f3 Bh5 11. Qd2 Bd6 12. Nce4 Nxe4 13. Nxe4 Be7 14. O-O-O Bg6 15. h5 Bxe4 16. fxe4 Nd7 17. d5 cxd5 18. exd5 e5 19. d6 Bf6 20. Be3 O-O 21. Kb1 a6 22. h6 g6 23. g4 b5 24. Bb3 a5 25. a3 a4 26. Ba2 Rb8 27. Rhf1 Bh8 28. Qd5 Qe8 29. g5 b4 30. axb4 Rxb4 31. c3 Rb8 32. Rf2 a3 33. b4 e4 34. Rdf1 Ne5 35. Bd4 Nf3 36. d7 Qd8 37. Bxh8 Kxh8 38. Qxe4 1-0


[Site "https://www.chess.com"]

[Event "Titled Tuesday Blitz October 18 Late 2022"]
[White "Romero Ruscalleda, Josep"]
[Black "Pinheiro, Iung Alicio de O."]
[WhiteFideId "2231859"]
[BlackFideId "2104350"]
[WhiteElo "2299"]
[BlackElo "2283"]
[Result "0-1"]
[Round "01"]
[TimeControl "180+1"]
[Date "2022.10.19"]
[WhiteClock "0:00:01"]
[BlackClock "0:00:18"]

1. e4 c5 2. c3 Nf6 3. e5 Nd5 4. Nf3 Nc6 5. Bc4 Nb6 6. Bb3 c4 7. Bc2 Qc7 8. Qe2 g5 9. h3 Bg7 10. O-O Nxe5 11. Re1 Nd3 12. Bxd3 cxd3 13. Qxd3 h6 14. Na3 a6 15. Qe4 d5 16. Qe2 Bf5 17. d4 e6 18. Ne5 Nd7 19. f4 Be4 20. Nxd7 Qxd7 21. fxg5 O-O-O 22. Rf1 Rdg8 23. Nb1 Bf8 24. Nd2 Bf5 25. Nf3 hxg5 26. Ne5 Qe8 27. Rf2 f6 28. Ng4 Be7 29. Bd2 Rh4 30. Re1 Qd7 31. Nh2 Bd6 32. Nf3 Re4 33. Qf1 Bg3 34. Rxe4 dxe4 35. Nh2 Bxf2+ 36. Qxf2 Qd5 37. Be3 Qxa2 38. Ng4 Bxg4 0-1


[Site "https://www.chess.com"]

[Event "Titled Tuesday Blitz October 18 Late 2022"]
[White "Roque Sola, Gisela"]
[Black "Popov, Mikhail"]
[WhiteFideId "5120241"]
[BlackFideId "4146182"]
[WhiteElo "1961"]
[BlackElo "2296"]
[Result "1-0"]
[Round "01"]
[TimeControl "180+1"]
[Date "2022.10.19"]
[WhiteClock "0:00:41"]
[BlackClock "0:00:31"]

1. e4 g6 2. d4 Bg7 3. Nc3 d6 4. Be3 a6 5. Qd2 b5 6. h4 h5 7. Nh3 Bb7 8. f3 Nd7 9. Ng5 e6 10. O-O-O Qe7 11. Kb1 Ngf6 12. Ne2 Nb6 13. Nc1 d5 14. e5 Nfd7 15. g4 c5 16. gxh5 Rxh5 17. f4 Nc4 18. Bxc4 bxc4 19. Qa5 cxd4 20. Bxd4 Bf8 21. Qa4 O-O-O 22. Rh3 Nc5 23. Bxc5 Qxc5 24. Nxf7 d4 25. Nxd8 Kxd8 26. Ne2 d3 27. cxd3 Kc7 28. dxc4 Bc6 29. Qxa6 Qf2 30. Rhd3 Be4 31. Nc3 Bxd3+ 32. Rxd3 Qf1+ 33. Rd1 Qf3 34. Nb5+ 1-0


[Site "https://www.chess.com"]

[Event "Titled Tuesday Blitz October 18 Late 2022"]
[White "Roque Sola, Jose Luis"]
[Black "Miszler, Levente"]
[WhiteFideId "5120390"]
[BlackFideId "763276"]
[WhiteElo "2117"]
[BlackElo "2176"]
[Result "1-0"]
[Round "01"]
[TimeControl "180+1"]
[Date "2022.10.19"]
[WhiteClock "0:00:16"]
[BlackClock "0:00:05"]

1. c4 c5 2. Nc3 Nc6 3. Nf3 g6 4. g3 Bg7 5. Bg2 e6 6. d3 Nge7 7. O-O O-O 8. Rb1 d5 9. a3 d4 10. Ne4 b6 11. b4 cxb4 12. axb4 Bb7 13. b5 Na5 14. Ned2 Rc8 15. Bb2 Qd6 16. Ra1 e5 17. Nb3 Nxb3 18. Qxb3 Ra8 19. Ba3 Qd7 20. Bb4 Rfe8 21. Ra2 Nc8 22. Rfa1 h6 23. Qd1 Kh7 24. Qf1 f5 25. Nd2 Bf8 26. Bxf8 Rxf8 27. Bxb7 Qxb7 28. Nf3 Re8 29. Qh3 Nd6 30. Nd2 e4 31. Nb3 exd3 32. exd3 Nf7 33. Nxd4 Red8 34. Nc6 Rxd3 35. Rxa7 Rxa7 36. Rxa7 Qc8 37. Rxf7+ Kg8 38. Ne7+ Kxf7 39. Nxc8 Rd1+ 40. Kg2 Rd8 41. Nxb6 Rd4 42. Qxh6 Rd2 43. Qxd2 1-0


[Site "https://www.chess.com"]

[Event "Titled Tuesday Blitz October 18 Late 2022"]
[White "Rose, Felix"]
[Black "Ballester Llagaria, Luis Eduardo"]
[WhiteFideId "5105722"]
[BlackFideId "2297620"]
[WhiteElo "2039"]
[BlackElo "2344"]
[Result "0-1"]
[Round "01"]
[TimeControl "180+1"]
[Date "2022.10.19"]
[WhiteClock "0:00:26"]
[BlackClock "0:00:23"]

1. e4 e6 2. d4 d5 3. Nc3 Be7 4. Nf3 Nf6 5. Bd3 c5 6. exd5 exd5 7. dxc5 O-O 8. O-O Nbd7 9. Bg5 Nxc5 10. Re1 Be6 11. Nd4 Bg4 12. Be2 Bxe2 13. Rxe2 h6 14. Nf5 Bd6 15. Nxd5 hxg5 16. Nxf6+ Qxf6 17. Qxd6 Qxf5 18. Re5 Ne4 19. Qd5 Qxf2+ 20. Kh1 Nf6 21. Qxb7 Rad8 22. Ree1 Rd2 23. Rf1 Qe2 24. Rae1 Qc4 25. Qxa7 Qxc2 26. b4 Qxa2 27. Qxa2 Rxa2 28. Rb1 Rb8 29. b5 Ra5 30. Rf5 Ne4 31. Re5 Nc3 32. Rc1 Raxb5 33. Re3 Rb1 34. Ree1 Rxc1 35. Rxc1 Rb1 36. Rxb1 Nxb1 37. Kg1 f6 38. Kf2 Kf7 39. Ke3 Kg6 40. Ke4 Nd2+ 41. Kd3 Nb3 42. g3 Na5 43. h3 Nb7 44. Kd4 Nd6 45. Kd5 Nf5 46. g4 Ne3+ 47. Ke4 Ng2 48. Kf3 Nf4 49. Kg3 Kf7 50. h4 gxh4+ 51. Kxf4 g5+ 52. Kf3 Ke6 53. Ke3 f5 54. Kf3 Ke5 55. gxf5 Kxf5 56. Kg2 g4 57. Kf2 Kf4 58. Kg2 g3 59. Kh3 Kf3 60. Kxh4 g2 61. Kg5 g1=Q+ 62. Kf5 Qd4 63. Ke6 Qc5 64. Kd7 Qb6 65. Ke7 Kf4 66. Kf7 Kf5 67. Kg7 Qe6 68. Kh7 Qg6+ 69. Kh8 Qg5 70. Kh7 Kf6 71. Kh8 Qg7# 0-1


[Site "https://www.chess.com"]

[Event "Titled Tuesday Blitz October 18 Late 2022"]
[White "Rosen, Eric"]
[Black "Von Buelow, Georg"]
[WhiteFideId "2032562"]
[BlackFideId "4620658"]
[WhiteElo "2362"]
[BlackElo "2241"]
[Result "1-0"]
[Round "01"]
[TimeControl "180+1"]
[Date "2022.10.19"]
[WhiteClock "0:01:18"]
[BlackClock "0:01:49"]

1. d4 Nf6 2. Bf4 d5 3. e3 c5 4. Nf3 Nc6 5. Nbd2 e6 6. c3 Bd6 7. Bg3 O-O 8. Bb5 Ne7 9. Bd3 Ng6 10. Ne5 b6 11. h4 Bb7 12. h5 Ne7 13. h6 g6 14. Qf3 Nf5 15. Bf4 cxd4 16. exd4 Be7 17. O-O-O Rc8 18. Kb1 Nd6 19. Rde1 b5 20. Nb3 Nfe4 21. Qe2 Rxc3 22. f3 Rxd3 23. Nxd3 Nf6 24. Nbc5 Bc6 25. g4 Nc4 26. Nxe6 fxe6 27. Qxe6+ Rf7 28. Qxc6 Qb6 1-0


[Site "https://www.chess.com"]

[Event "Titled Tuesday Blitz October 18 Late 2022"]
[White "Rosenberg, Evan S"]
[Black "Zou, Chen"]
[WhiteFideId "2019299"]
[BlackFideId "8610959"]
[WhiteElo "2368"]
[BlackElo "2325"]
[Result "0-1"]
[Round "01"]
[TimeControl "180+1"]
[Date "2022.10.19"]
[WhiteClock "0:00:01"]
[BlackClock "0:00:58"]

1. d4 Nf6 2. Nf3 g6 3. Nc3 d5 4. Bf4 Bg7 5. Nb5 Na6 6. e3 O-O 7. h3 c6 8. Nc3 Nc7 9. Bd3 Nce8 10. a4 a5 11. O-O Nd6 12. Ne5 Nfe4 13. Nxe4 dxe4 14. Be2 Be6 15. b3 h6 16. c4 g5 17. Bh2 Bf5 18. Bh5 f6 19. Ng6 Re8 20. h4 Kh7 21. hxg5 hxg5 22. Nf4 gxf4 23. Bxe8 Qxe8 24. Bxf4 Qg6 25. f3 Rh8 26. g4 exf3 27. Qxf3 Bxg4 28. Qg3 Ne4 29. Qg2 Kg8 30. Bh2 Bh6 31. Bf4 f5 32. Bxh6 Rxh6 33. Rf4 Rh5 34. Raf1 Rg5 35. Kh2 Kg7 36. d5 c5 37. Qb2+ Kg8 38. Qe5 Qh6+ 39. Kg1 Be2+ 40. Rg4 Rxg4+ 0-1


[Site "https://www.chess.com"]

[Event "Titled Tuesday Blitz October 18 Late 2022"]
[White "Sadhwani, Raunak"]
[Black "Pasti, Aron"]
[WhiteFideId "35093487"]
[BlackFideId "785857"]
[WhiteElo "2656"]
[BlackElo "2250"]
[Result "1-0"]
[Round "01"]
[TimeControl "180+1"]
[Date "2022.10.18"]
[WhiteClock "0:00:11"]
[BlackClock "0:00:02"]

1. e3 d5 2. b3 Nf6 3. Bb2 Bf5 4. Nc3 e6 5. Nf3 h6 6. h3 Bd6 7. Nb5 Be7 8. Be5 Na6 9. Nbd4 Bg6 10. Bb5+ Kf8 11. Bxa6 bxa6 12. Nc6 Qd7 13. Nxe7 Kxe7 14. Bb2 Qd6 15. Ne5 Be4 16. O-O Rhc8 17. d3 Bh7 18. Qf3 Kf8 19. Qg3 Kg8 20. f4 Ne8 21. Ng4 Bg6 22. Rae1 c5 23. e4 c4 24. Be5 Qb6+ 25. Kh1 cxb3 26. cxb3 h5 27. Ne3 dxe4 28. Nc4 Rxc4 29. dxc4 Nd6 30. Bxd6 Qxd6 31. Rd1 Qa3 32. Rf2 a5 33. Qe3 a4 34. g4 hxg4 35. hxg4 axb3 36. axb3 Rb8 37. Rb1 Qd6 38. Rd2 Qc6 39. Kg2 a5 40. Ra1 Qb7 41. Rb2 Qb4 42. Rf1 a4 43. f5 exf5 44. gxf5 Bh5 45. Qxe4 axb3 46. Qh4 Qc3 47. Rff2 Bd1 48. f6 1-0


[Site "https://www.chess.com"]

[Event "Titled Tuesday Blitz October 18 Late 2022"]
[White "Sanchez, Robert"]
[Black "Vivekananthan, Anish"]
[WhiteFideId "2034360"]
[BlackFideId "2090775"]
[WhiteElo "2381"]
[BlackElo "2732"]
[Result "0-1"]
[Round "01"]
[TimeControl "180+1"]
[Date "2022.10.19"]
[WhiteClock "0:00:55"]
[BlackClock "0:00:46"]

1. e4 c6 2. d4 d5 3. e5 Bf5 4. Nf3 e6 5. Be2 Ne7 6. O-O Nd7 7. c3 h6 8. Nbd2 Nc8 9. Re1 Be7 10. Nf1 O-O 11. Ng3 Bg6 12. Be3 f6 13. exf6 Nxf6 14. Bd3 Qe8 15. Ne5 Bxd3 16. Qxd3 Nh7 17. f4 Nd6 18. c4 Bh4 19. Ng6 Bxg3 20. Nxf8 Bxe1 21. Qxh7+ Kxf8 22. Rxe1 dxc4 23. d5 exd5 24. f5 Ne4 25. Bc5+ Kf7 26. Qg6+ Kg8 27. Qg4 Qe5 28. h4 Qxb2 29. Rf1 Kh8 30. Qg6 Qf6 31. Qh5 0-1


[Site "https://www.chess.com"]

[Event "Titled Tuesday Blitz October 18 Late 2022"]
[White "Shapiro, Daniel"]
[Black "Zhurbinsky, David"]
[WhiteFideId "2001780"]
[BlackFideId "2072904"]
[WhiteElo "2200"]
[BlackElo "2569"]
[Result "0-1"]
[Round "01"]
[TimeControl "180+1"]
[Date "2022.10.19"]
[WhiteClock "0:00:01"]
[BlackClock "0:00:07"]

1. d4 Nf6 2. c4 e6 3. Nf3 Bb4+ 4. Bd2 Qe7 5. Nc3 O-O 6. g3 d5 7. Qb3 a5 8. a3 Bxc3 9. bxc3 b6 10. Bg5 Bb7 11. c5 Nbd7 12. Ne5 Bc8 13. c6 Nb8 14. c4 dxc4 15. Qxc4 h6 16. Bd2 Ba6 17. Qc2 Rd8 18. e3 Bxf1 19. Kxf1 Nd5 20. Kg2 Qd6 21. Rhc1 Ne7 22. Qe4 Qd5 23. Qxd5 exd5 24. Rc2 f6 25. Nd3 Nbxc6 26. Rac1 Rd6 27. Nf4 b5 28. Rc5 b4 29. a4 Rb8 30. Nxd5 Rxd5 31. Rxd5 Nxd5 32. Rxc6 b3 33. Rc1 Nb4 34. Rb1 Nc2 35. Bxa5 Na3 36. Rb2 Nc4 37. Bc3 Nxb2 38. Bxb2 Ra8 39. Kf3 Rxa4 40. Ke4 Ra2 41. Bc3 b2 0-1


[Site "https://www.chess.com"]

[Event "Titled Tuesday Blitz October 18 Late 2022"]
[White "Shimanov, Aleksandr"]
[Black "Banzea, Alexandru-Bogdan"]
[WhiteFideId "4198603"]
[BlackFideId "1232622"]
[WhiteElo "2605"]
[BlackElo "2294"]
[Result "1-0"]
[Round "01"]
[TimeControl "180+1"]
[Date "2022.10.18"]
[WhiteClock "0:02:23"]
[BlackClock "0:00:16"]

1. b3 d5 2. Bb2 Nf6 3. Nf3 Bf5 4. d3 e6 5. g3 Nbd7 6. Bg2 Be7 7. O-O O-O 8. c4 c6 9. Nbd2 a5 10. a3 h6 11. Rc1 Re8 12. Rc2 Qb8 13. Qa1 Bd6 14. Rfc1 e5 15. cxd5 cxd5 16. Nh4 Bh7 17. Bh3 Bf8 18. Rc7 Bd6 19. Rxd7 Nxd7 20. Bxd7 Rd8 21. Bh3 d4 22. Nc4 b5 23. Nd2 1-0


[Site "https://www.chess.com"]

[Event "Titled Tuesday Blitz October 18 Late 2022"]
[White "Sivakumar, Shaaketh"]
[Black "Itkis, Boris"]
[WhiteFideId "30940176"]
[BlackFideId "1209167"]
[WhiteElo "2174"]
[BlackElo "2232"]
[Result "1-0"]
[Round "01"]
[TimeControl "180+1"]
[Date "2022.10.19"]
[WhiteClock "0:02:05"]
[BlackClock "0:01:17"]

1. d4 d5 2. Nf3 Nf6 3. Bf4 c5 4. e3 Nc6 5. Nbd2 Nh5 6. Bg5 h6 7. Bh4 g5 8. Ne5 Nxe5 9. dxe5 Ng7 10. Bg3 Nf5 11. Bb5+ Bd7 12. e6 Bxb5 13. Qh5 Nd6 14. Bxd6 Qxd6 15. Qxf7+ Kd8 16. O-O-O Be8 17. Qf5 Bg7 18. Nc4 Qc6 19. Rxd5+ Kc7 20. Rxc5 Rf8 21. Rxc6+ Bxc6 22. Qc5 Bf6 23. Rd1 b6 24. Rd7+ 1-0


[Site "https://www.chess.com"]

[Event "Titled Tuesday Blitz October 18 Late 2022"]
[White "Sliwicki, Damian"]
[Black "Fernandez De La Vara, Arnaldo"]
[WhiteFideId "1127128"]
[BlackFideId "3518388"]
[WhiteElo "2058"]
[BlackElo "2387"]
[Result "0-1"]
[Round "01"]
[TimeControl "180+1"]
[Date "2022.10.19"]
[WhiteClock "0:00:44"]
[BlackClock "0:00:33"]

1. e4 c5 2. Nf3 e6 3. d4 cxd4 4. Nxd4 a6 5. Nc3 Qc7 6. g3 Nf6 7. Bg2 d6 8. O-O Be7 9. a4 O-O 10. a5 Nbd7 11. h3 Rb8 12. Be3 b5 13. axb6 Nxb6 14. Kh2 Nc4 15. Bc1 Nxb2 16. Bxb2 Rxb2 17. Na4 Rb8 18. f4 Bd7 19. c3 Rfc8 20. Rf2 h5 21. Raa2 g6 22. Rae2 h4 23. g4 e5 24. fxe5 dxe5 25. Nf3 Qc4 26. Nb2 Qxc3 27. Rc2 Qe3 28. Nc4 Rxc4 29. Nxe5 Rxc2 30. Rxf6 Bxf6 31. Nxd7 Qf4+ 32. Kh1 Rc1 33. Nxf6+ Kh8 0-1


[Site "https://www.chess.com"]